 Dungeon Crawl Stone Soup version 0.24.0-123-gd5b16e6ec5 (webtiles) character file.

Game seed: 4960435706906869370, levelgen mode: deterministic

621 IrvingSpaghetti the Sneak (level 7, -4/46 HPs)
             Began as a Human Conjurer on Dec 24, 2019.
             Slain by an orc priest
             ... wielding a +0 flail
              (13 damage)
             ... on level 4 of the Dungeon.
             The game lasted 00:18:11 (3905 turns).

IrvingSpaghetti the Sneak (Human Conjurer)          Turns: 3905, Time: 00:18:12

Health: -4/46      AC:  2    Str:  8    XL:     7   Next: 75%
Magic:  8/10       EV: 12    Int: 17    God:
Gold:   104        SH:  5    Dex: 14    Spells: 4/10 levels left

rFire    . . .     SeeInvis .   o - +1 dagger (venom)
rCold    . . .     Gourm    .   p - +0 buckler
rNeg     . . .     Faith    .   a - +0 robe
rPois    .         Spirit   .   (no helmet)
rElec    .         Reflect  .   (no cloak)
rCorr    .         Harm     .   (no gloves)
MR       .....                  (no boots)
Stlth    ++++......             (no amulet)
HPRegen  0.15/turn              (no ring)
MPRegen  0.12/turn              (no ring)

@: no status effects
A: no striking features
a: no special abilities


You were on level 4 of the Dungeon.
You were hungry.

You visited 2 branches of the dungeon, and saw 6 of its levels.

You collected 104 gold pieces.

Inventory:

Hand Weapons
 j - a +0 short sword
 n - a +0 dagger
 o - a +1 dagger of venom (weapon)
 s - a +0 rapier
Missiles
 b - 75 stones (quivered)
 g - 35 bolts
 q - 14 arrows
 t - 16 sling bullets
Armour
 a - a +0 robe (worn)
 p - a +0 buckler (worn)
Scrolls
 d - 5 scrolls of identify {unknown}
 f - a scroll of random uselessness {unknown}
 h - 2 scrolls of fear {unknown}
 k - 3 scrolls of magic mapping {unknown}
 l - 2 scrolls of teleportation {unknown}
 m - a scroll of blinking {unknown}
Potions
 e - 2 potions of brilliance {unknown}
 i - a potion of invisibility {unknown}
 u - 2 potions of lignification {unknown}
Comestibles
 c - 4 rations


   Skills:
 - Level 2.0 Dodging
 + Level 7.4 Stealth
 - Level 4.0 Shields
 - Level 2.0 Spellcasting
 - Level 4.0 Conjurations


You had 4 spell levels left.
You knew the following spells:

 Your Spells              Type           Power        Failure   Level  Hunger
a - Magic Dart            Conj           ###.         3%          1    #......
b - Searing Ray           Conj           ###...       5%          2    ###....
c - Dazzling Spray        Conj/Hex       #.....       26%         3    ###....

Your spell library contained the following spells:

 Spells                   Type           Power        Failure   Level  Hunger
 Iskenderun's Mystic Bla  Conj           ###.....     36%         4    #####..
 Force Lance              Conj/Tloc      #.......     63%         4    #####..
 Fulminant Prism          Conj/Hex       #.........   63%         4    #####..


Dungeon Overview and Level Annotations

Branches:
Dungeon (5/15)             Temple (1/1) D:4

Altars:
Ashenzari
Fedhas
Hepliaklqana
Qazlal
Sif Muna
Trog
Uskayaw
Vehumet
Zin
The Shining One


Message History

The orc's wounds heal themselves!
The howler monkey closely misses you.
You hit the orc priest.
The orc priest looks as sick as possible!
The orc priest is moderately wounded.
The howler monkey is no longer blind.
The orc priest misses you. The howler monkey hits you.
You barely miss the orc priest.
The orc priest is moderately wounded.
The orc is no longer blind.
The howler monkey hits you.
* * * LOW HITPOINT WARNING * * *
The orc priest misses you. The orc barely misses you.
The orc is no longer blind.
You block the howler monkey's attack.
The orc priest begins to cast a cantrip, but forgets the words!
The orc hits you with a +0 club.
* * * LOW HITPOINT WARNING * * *
You block the howler monkey's attack.
You climb upwards.
There is a stone staircase leading down here.
The orc priest hits you with a +0 flail!
You die...

# #.##...###.#.####..............
###.##.#.........................
#.8)##.#.........................
...................[.............
8.>.8............................
.................................
#.8.#........................#..#
..............o.o....##########..
###....#.......>@...## ##. #
#.#.###..>..h.....# #. # #.#.#
######.####.# #. ###...#
#.......# #.
..#..########......##############
.....)...........................
....#########......##############
...## #......# # ..## #......# #


You could see a howler monkey, an orc priest and an orc.

Vanquished Creatures
  Sigmund (D:5)
  An ogre (D:4)
  3 orc priests (D:4)
  A bullfrog skeleton (D:4)
  An iguana (D:4)
  6 worker ants
  A hound skeleton (D:4)
  4 adders
  3 worms
  A dart slug (D:1)
  3 leopard geckos
  4 orcs
  A giant cockroach (D:3)
  2 goblins
  5 hobgoblins
  5 jackals
  4 kobolds
  A quokka (D:3)
  2 ball pythons
  5 bats
  2 frilled lizards
  A quokka skeleton (D:5)
  A rat (D:3)
58 creatures vanquished.

Notes
Turn   | Place    | Note
-------+----------+-------------------------------------------
     0 | D:1      | IrvingSpaghetti the Human Conjurer began the quest for the
                  | Orb.
     0 | D:1      | Reached XP level 1. HP: 13/13 MP: 3/3
   578 | D:1      | Reached XP level 2. HP: 19/19 MP: 0/5
   582 | D:1      | Learned a level 2 spell: Searing Ray
   743 | D:1      | Reached skill level 3 in Stealth
   818 | D:2      | Reached XP level 3. HP: 19/24 MP: 1/6
   925 | D:2      | Found a glowing golden altar of the Shining One.
   970 | D:2      | Reached skill level 4 in Stealth
  1312 | D:3      | Reached XP level 4. HP: 30/30 MP: 4/7
  1517 | D:4      | Reached skill level 5 in Stealth
  1581 | D:4      | Found a staircase to the Ecumenical Temple.
  1602 | D:4      | Reached XP level 5. HP: 16/35 MP: 8/8
  1689 | D:4      | Learned a level 3 spell: Dazzling Spray
  2397 | D:4      | Reached skill level 1 in Shields
  2445 | D:4      | Noticed an ogre
  2684 | D:3      | Reached XP level 6. HP: 39/41 MP: 9/9
  2700 | D:3      | Reached skill level 6 in Stealth
  2893 | Temple   | Entered the Ecumenical Temple
  3242 | D:4      | Killed an ogre
  3466 | D:4      | Reached XP level 7. HP: 39/46 MP: 10/10
  3618 | D:5      | Entered Level 5 of the Dungeon
  3671 | D:5      | Reached skill level 7 in Stealth
  3808 | D:5      | Noticed Sigmund
  3874 | D:5      | Killed Sigmund
  3905 | D:4      | Slain by an orc priest

Levels and vault maps discovered:
D:1:      saegor_arrival_simple_c, layout_loops_cross, palyth_stone_intersect,
          serial_park_tiny_1, minmay_small_reverse_x
D:2:      layout_loops_ring, nicolae_overflow_crystal_walls, lemuel_round_altar,
          hangedman_ru_absence, chequers_ecumenical_altar_simple_redux,
          lemuel_old_faithful
D:3:      layout_loops_ring, kennysheep_vampire_church, uniq_crazy_yiuf_cottage
D:4:      layout_rooms, minmay_temple_entry_statues_pillars, first_ration
D:5:      lemuel_ice_spiral_2, layout_basic, uniq_sigmund
Temple:   compressed_dpeg_triangle_lava_temple

Skill      XL: |  1  2  3  4  5  6  7 |
---------------+----------------------+-----
Stealth        | 3 4 5 6 7 |  7.4
Shields        | 1 2 4 |  4.0
Dodging        | |  2.0
Spellcasting   | |  2.0
Conjurations   | |  4.0

Action                   |  1- 3 |  4- 6 |  7- 9 || total
-------------------------+-------+-------+-------++-------
Melee: Whip              |     4 |       |       ||     4
       Short sword       |       |    20 |       ||    20
       Dagger            |       |    40 |    20 ||    60
Throw: Stone             |       |     1 |       ||     1
 Cast: Magic Dart        |    28 |    16 |     8 ||    52
       Searing Ray       |     4 |    11 |     4 ||    19
       Dazzling Spray    |       |       |     1 ||     1
 Stab: Sleeping          |       |     4 |       ||     4
  Eat: Chunk             |     2 |     8 |     1 ||    11
Armor: Robe              |     4 |    17 |     1 ||    22
Dodge: Dodged            |    15 |    64 |    18 ||    97
Block: Buckler           |       |    12 |     6 ||    18
